 Dungeon Crawl Stone Soup version 0.31-a0-1098-g6898e6545c (webtiles) character file.

Game seed: 10031470885457325317

147266 Gumption the Stormcaller (level 17, 0/112 HPs)
             Began as a Tengu Air Elementalist on Nov 29, 2023.
             Was the Champion of Vehumet.
             Succumbed to a wolf spider's poison
             ... on level 2 of the Spider Nest on Nov 30, 2023.
             The game lasted 08:12:58 (42721 turns).

Gumption the Stormcaller (Tengu Air Elementalist)  Turns: 42721, Time: 08:12:59

Health: 0/112      AC: 17    Str:  9    XL:     17   Next: 46%
Magic:  5/44       EV: 20    Int: 22    God:    Vehumet [******]
Gold:   1502       SH:  0    Dex: 19    Spells: 1/43 levels left

rFire   . . .        a - +1 lajatang "Ceovab" {freeze, rC+ rCorr MP+9}
rCold   + . .        (shield currently unavailable)
rNeg    . . .        N - +2 ring mail {Will+}
rPois   +            e - +2 hat {SInv}
rElec   .            u - +1 cloak {rCorr}
rCorr   +            G - +1 pair of gloves {Dex+3}
SInv    +            (boots unavailable)
Will    +++..        v - amulet of Awki {Contam Rampage Will+ Regen+ Stlth+}
Stlth   +++          E - ring of poison resistance
HPRegen 1.18/turn    o - +4 ring of protection
MPRegen 0.29/turn

%: acrobat, rampage
@: lethally poisoned (0 -> -42), sluggish, flying, studying Evocations, very
slow
A: beak, talons 3, evasive flight, acrobatic
a: Renounce Religion


You were on level 2 of the Spider Nest.
You worshipped Vehumet.
Vehumet was exalted by your worship.
You visited 5 branches of the dungeon, and saw 25 of its levels.
You also visited: Trove, Ossuary and Volcano.

You collected 3457 gold pieces.
You spent 1955 gold pieces at shops.

Inventory:

Hand Weapons
 a - the +1 lajatang "Ceovab" (weapon) {freeze, rC+ rCorr MP+9}
   (You acquired it on level 2 of the Orcish Mines)

   rC+:       It protects you from cold.
   MP+9:      It affects your magic capacity (+9).
   rCorr:     It protects you from acid and corrosion.
 r - the +7 quarterstaff of Xifurod {heavy, rN+ MP+9 Int+2}
   (You found it on level 4 of the Dungeon)

   Int+2:     It affects your intelligence (+2).
   rN+:       It protects you from negative energy.
   MP+9:      It affects your magic capacity (+9).
Missiles
 h - 2 curare-tipped darts
 M - 33 poisoned darts
Armour
 e - a +2 hat of see invisible (worn)
 u - a +1 cloak of preservation (worn)
 G - a +1 pair of gloves of dexterity (worn)
 J - a +0 ring mail of poison resistance
 N - a +2 ring mail of willpower (worn)
Magical Staves
 R - a staff of fire
 U - a staff of air
Jewellery
 c - the ring of Wuqi {rN++ Will+ SInv}
   (You found it in a treasure trove)

   [ring of see invisible]

   rN++:      It greatly protects you from negative energy.
   Will+:     It increases your willpower.
   SInv:      It lets you see invisible.
 o - a +4 ring of protection (right hand)
 t - a ring of wizardry
 v - the amulet of Awki (around neck) {Contam Rampage Will+ Regen+ Stlth+}
   (You found it in a treasure trove)

   [amulet of regeneration]

   Will+:     It increases your willpower.
   Contam:    It causes magical contamination when unequipped.
   Regen+:    It increases your rate of health regeneration.
   Rampage:   It bestows one free step when moving towards enemies.
   Stlth+:    It makes you more stealthy.
 E - a ring of poison resistance (left hand)
 V - the ring of Qated {rF+ Dex+3}
   (You found it in a treasure trove)

   [ring of protection from fire]

   Dex+3:     It affects your dexterity (+3).
   rF+:       It protects you from fire.
 Y - a +5 ring of evasion
Wands
 p - a wand of flame (52)
 w - a wand of iceblast (40)
 y - a wand of light (29)
 F - a wand of paralysis (26)
 H - a wand of polymorph (16)
 L - a wand of digging (3)
 Q - a wand of mindburst (14)
Scrolls
 i - 4 scrolls of fog
 q - a scroll of poison
 s - 2 scrolls of blinking
 C - a scroll of fear
 I - 2 scrolls of enchant armour
 K - a scroll of silence
 P - 5 scrolls of vulnerability
 W - 2 scrolls of summoning
 Z - 2 scrolls of revelation
Potions
 b - 2 potions of mutation
 d - a potion of invisibility
 f - 4 potions of lignification
 j - a potion of resistance
 k - 6 potions of enlightenment
 l - 5 potions of brilliance
 m - 4 potions of ambrosia
 n - 13 potions of curing
 x - 5 potions of heal wounds
 z - 6 potions of berserk rage
 A - 4 potions of might
 B - 5 potions of attraction
 D - 3 potions of haste
 O - a potion of cancellation
Miscellaneous
 g - a lightning rod (4/4)


   Skills:
 + Level 14.8 Fighting
 - Level 8.7 Staves
 - Level 12.0 Dodging
 - Level 2.0 Stealth
 + Level 13.6 Spellcasting
 + Level 10.8 Conjurations
 - Level 2.0 Hexes
 + Level 10.4 Fire Magic
 + Level 17.7 Air Magic
 + Level 10.0 Evocations


You had one spell level left.
You knew the following spells:

 Your Spells              Type           Power      Damage    Failure   Level
a - Airstrike             Air            37%        2d(6-22)  1%          4
b - Fireball              Conj/Fire      28%        3d12      1%          5
c - Plasma Beam           Fire/Air       33%        2x1d46    1%          6
d - Scorch                Fire           100%       2d9       1%          2
e - Iskenderun's Battles  Conj           58%        2d11      1%          5
f - Swiftness             Air            75%        N/A       1%          3
g - Fulminant Prism       Conj/Hex       21%        3d12      2%          4
h - Passwall              Tmut/Erth      11%        N/A       19%         2
i - Arcjolt               Conj/Air       33%        1d43      1%          5
j - Blink                 Tloc           28%        N/A       19%         2
k - Shock                 Conj/Air       100%       1d9       1%          1
l - Static Discharge      Conj/Air       100%       3-8/arc   1%          2
m - Apportation           Tloc           28%        N/A       12%         1

Your spell library contained the following spells:

 Spells                   Type           Power      Damage    Failure   Level
 Foxfire                  Conj/Fire      100%       2x1d9     1%          1
 Necrotise                Necr           56%        1d6       12%         1
 Summon Small Mammal      Summ           56%        N/A       12%         1
 Inner Flame              Hex/Fire       42%        N/A       1%          3
 Vhi's Electric Charge    Tloc/Air       100%       N/A       3%          4
 Starburst                Conj/Fire      28%        6d9       6%          6
 Irradiate                Conj/Tmut      19%        3d18      10%         5
 Ensorcelled Hibernation  Hex/Ice        38%        N/A       12%         2
 Wereblood                Tmut           14%        N/A       19%         2
 Cause Fear               Hex            11%        N/A       45%         4
 Manifold Assault         Tloc           14%        N/A       75%         4
 Summon Mana Viper        Hex/Summ       19%        N/A       91%         5
 Summon Forest            Summ/Tloc      7%         N/A       97%         5
 Summon Cactus Giant      Summ           7%         N/A       100%        6
 Dragon's Call            Summ           7%         N/A       100%        9


Dungeon Overview and Level Annotations

Branches:
Dungeon (15/15)            Temple (1/1) D:4            Lair (5/5) D:9
  Swamp (0/4) Lair:3       Spider (2/4) Lair:2        Slime (0/5) Lair:5
    Orc (2/2) D:12            Elf (0/3) Orc:2        Vaults (0/5) D:14
 Depths (0/4) D:15        Ossuary (visited)         Volcano (visited)

Altars:
Ashenzari
Cheibriados
Dithmenos
Elyvilon
Fedhas
Gozag
Hepliaklqana
Kikubaaqudgha
Makhleb
Nemelex Xobeh
Okawaru
Qazlal
Ru
Sif Muna
Trog
Uskayaw
Vehumet
Wu Jian
Xom
Yredelemnul
Zin
The Shining One

Shops:
D:1 :   D:6 !   D:10 [   Orc:2 [(?*(

Annotations:
Lair:2 1 runed translucent door


Innate Abilities, Weirdness & Mutations

You have a beak for a mouth.
You have claws for feet.
Your magical flight helps you evade attacks. (EV +4)
You can magically evade attacks while moving or waiting.


Message History

The wolf spider misses you.
The wolf spider bites you but does no damage.
The wolf spider misses you. x2
The redback completely misses you.
The wolf spider attacks as it pursues you!
The wolf spider hits you!
* * * LOW HITPOINT WARNING * * *
The wolf spider closely misses you.
You start to feel a little slower.
The wolf spider hits you but does no damage.
The wolf spider bites you but does no damage.
The wolf spider attacks as it pursues you!
The wolf spider misses you. x2
You feel sluggish.
Casting: Swiftness (safe; 1% risk of failure)
Confirm with . or Enter, or press ? or * to list all spells.
Aiming: Passwall (safe; 19% risk of failure)
Press: ? - help, Dir - move target A rock wall.
The wolf spider hits you.
* * * LOW HITPOINT WARNING * * *
The wolf spider bites you.
* * * LOW HITPOINT WARNING * * *
You are poisoned.
The wolf spider poisons you!
You begin to meditate on the wall.
You continue meditating on the rock.
You feel extremely sick.
The wolf spider hits you but does no damage.
The wolf spider misses you.
The wolf spider hits you but does no damage.
The wolf spider bites you.
* * * LOW HITPOINT WARNING * * *
The wolf spider hits you!
* * * LOW HITPOINT WARNING * * *
The wolf spider bites you!
* * * LOW HITPOINT WARNING * * *
You are more poisoned.
The wolf spider poisons you!
You continue meditating on the rock.
You die...

##...# ##......# #....##
##.....# ##....##
###..^...# ##^...#
#.#......#
###..#######........#
#^......##..........#
##......#.......##.##
##....###^.....# ##
#....s@#.<....#
##...ss##.....##
#....###......#
##..s..###....^# #..s..##
#.....# ##^....# #....##
### ###...#.^.# #.....#
##.##.###..####.###....#
#......#....##.#....##..#


You could see 2 wolf spiders, a tarantella and 2 redbacks.

Vanquished Creatures
  Jorgrun (Spider:2)
  Frances (Spider:1)
  Gastronok (Lair:3)
  Kirke (Lair:3)
  A ghost moth (Spider:1)
  An ironbound thunderhulk (D:14)
  An orc warlord (Orc:1)
  Nessos (Lair:4)
  A broodmother (Spider:1)
  A dire elephant (Lair:5)
  A red draconian (Volcano)
  A spark wasp (Spider:1)
  An ettin (D:15)
  Josephine (Orc:2)
  2 vault guards (D:14)
  8 hydras
  3 ogre magi
  A catoblepas (Lair:5)
  Erica (D:8)
  3 boulder beetles
  6 centaur warriors
  15 two-headed ogres
  A death knight (D:13)
  7 death yaks
  8 orc high priests
  A demonic crawler (Spider:1)
  Nergalle (D:10)
  A hell knight (D:15)
  A pharaoh ant (Spider:1)
  2 orb spiders (Spider:1)
  An arcanist (D:15)
  2 lindwurms (Lair:5)
  A lindwurm (shapeshifter) (D:14)
  2 steelbarb worms (Spider:1)
  10 orc knights
  A phantasmal warrior (D:13)
  15 ugly things
  A necromancer (D:15)
  A deep elf pyromancer (D:14)
  3 orc sorcerers
  7 wolf spiders
  3 manticores
  6 cyclopes
  A moth of wrath (Spider:1)
  4 black mambas
  A black mamba (shapeshifter) (D:13)
  20 elephants
  3 gargoyles
  14 cane toads
  A torpor snail (Lair:5)
  9 kobold demonologists
  2 kobold blastminers (Orc:2)
  11 komodo dragons
  3 unseen horrors
  2 freezing wraiths
  4 yaktaurs (D:15)
  7 rime drakes
  5 tengu conjurers
  6 meliai (Spider:1)
  14 polar bears
  2 hornets
  7 trolls
  A raiju (shapeshifter) (D:14)
  2 tarantellas
  26 blink frogs
  10 dream sheep
  4 raiju (Lair:5)
  10 culicivoras
  4 jumping spiders
  8 wraiths
  A centaur simulacrum (D:15)
  34 yaks
  21 slime creatures
  7 wyverns
  Eustachio (D:5)
  A vampire (D:13)
  3 humans
  9 basilisks
  A steam dragon (Lair:2)
  17 redbacks
  4 hogs (Lair:3)
  9 wargs
  12 vampire mosquitoes
  Menkaure (Ossuary)
  16 two-headed ogre zombies (D:14)
  An acid dragon (D:11)
  13 hell hounds (Lair:5)
  17 water moccasins
  A sky beast (D:8)
  3 ice beasts (D:9)
  13 black bears
  A meliai simulacrum (D:15)
  43 orc warriors
  7 ogres
  38 wolves
  A boggart (shapeshifter) (D:14)
  7 centaurs
  A phantom (D:5)
  5 kobold brigands
  Blork the orc (D:5)
  9 bullfrogs
  3 scorpions
  10 wights
  10 killer bees
  2 electric eels
  11 howler monkeys
  A lava snake (D:13)
  3 jellies
  30 orc priests
  Crazy Yiuf (D:5)
  A sleepcap (D:7)
  Ijyb (D:4)
  A gnoll bouda (D:5)
  2 scorpion zombies (D:8)
  Natasha (thrice) (D:4)
  An iguana (D:4)
  18 orc wizards
  7 hell rats (Lair:5)
  Robin (D:2)
  3 mummies (Ossuary)
  3 gnolls (D:5)
  5 howler monkey skeletons (D:8)
  2 adders
  2 ufetubi (D:5)
  2 worms
  A dart slug (D:3)
  110 orcs
  5 ball pythons
  5 endoplasms
  7 giant cockroaches
  16 goblins
  7 hobgoblins
  2 jackals (D:4)
  4 quokkas
  6 bats
  3 frilled lizards
  3 gnoll skeletons (Ossuary)
  3 gnoll zombies (Ossuary)
  6 goblin skeletons (Ossuary)
  7 goblin zombies (Ossuary)
  4 hobgoblin skeletons (Ossuary)
  4 hobgoblin zombies (Ossuary)
  22 kobolds
  2 kobold skeletons (Ossuary)
  5 kobold zombies (Ossuary)
  5 orc skeletons (Ossuary)
  An orc zombie (Ossuary)
  9 rats
  5 rat skeletons (Ossuary)
  5 rat zombies (Ossuary)
977 creatures vanquished.

Vanquished Creatures (others)
  8 fulminant prisms
8 creatures vanquished.

Grand Total: 985 creatures vanquished

Notes
Turn   | Place    | Note
-------+----------+-------------------------------------------
     0 | D:1      | Gumption the Tengu Air Elementalist began the quest for the
                  | Orb.
     0 | D:1      | Reached XP level 1. HP: 10/10 MP: 4/4
   182 | D:1      | Reached XP level 2. HP: 15/15 MP: 0/6
   258 | D:1      | Learned a level 2 spell: Static Discharge
   534 | D:1      | Found Qyhof's Vocational Training.
  1016 | D:1      | Reached XP level 3. HP: 17/19 MP: 5/7
  1371 | D:2      | Noticed Robin
  1380 | D:2      | Killed Robin
  1381 | D:2      | Reached XP level 4. HP: 12/24 MP: 6/9
  1489 | D:2      | Reached skill level 5 in Air Magic
  1629 | D:2      | Learned a level 4 spell: Airstrike
  3140 | D:4      | Identified the +7 quarterstaff of Xifurod {heavy, rN+ MP+9
                  | Int+2}
  3251 | D:4      | Noticed Natasha
  3256 | D:4      | Killed Natasha
  3257 | D:4      | Reached XP level 5. HP: 15/28 MP: 10/10
  3389 | D:4      | Reached skill level 1 in Fighting
  3448 | D:4      | Noticed Ijyb
  3455 | D:4      | Killed Ijyb
  3456 | D:4      | Reached skill level 1 in Staves
  3561 | D:4      | Noticed Natasha
  3568 | D:4      | Killed Natasha
  3614 | D:4      | Found a staircase to the Ecumenical Temple.
  3616 | D:4      | Noticed Natasha
  3624 | D:4      | Killed Natasha
  3625 | D:4      | Reached XP level 6. HP: 24/34 MP: 11/11
  3693 | Temple   | Entered the Ecumenical Temple
  3760 | Temple   | Became a worshipper of Vehumet
  3978 | D:5      | Entered Level 5 of the Dungeon
  4285 | D:5      | Reached skill level 6 in Air Magic
  4324 | D:5      | Gained mutation: Your magical flight helps you evade
                  | attacks. (EV +4) [Tengu growth]
  4324 | D:5      | Reached XP level 7. HP: 39/40 MP: 13/13
  4376 | D:5      | Noticed Eustachio
  4379 | D:5      | Killed Eustachio
  4498 | D:5      | Noticed Blork the orc
  4568 | D:5      | Killed Blork the orc
  4907 | D:5      | Found a runed translucent door.
  4908 | D:5      | Noticed Crazy Yiuf
  4913 | D:5      | Killed Crazy Yiuf
  4914 | D:5      | Reached skill level 7 in Air Magic
  4914 | D:5      | Reached XP level 8. HP: 46/46 MP: 15/15
  5233 | D:6      | Reached skill level 5 in Dodging
  5443 | D:6      | Reached * piety under Vehumet
  5443 | D:6      | Offered knowledge of Foxfire by Vehumet.
  5608 | D:6      | Found a shadowy altar of Dithmenos.
  5609 | D:6      | Found a snail-covered altar of Cheibriados.
  5611 | D:6      | Found a stormy altar of Qazlal.
  5612 | D:6      | Found a white marble altar of Elyvilon.
  5612 | D:6      | Found a blossoming altar of Fedhas.
  5613 | D:6      | Found an iron altar of Okawaru.
  5613 | D:6      | Found a hide-covered altar of Uskayaw.
  5614 | D:6      | Found a glowing golden altar of the Shining One.
  5659 | D:6      | Found Niuline's Distillery.
  5668 | D:6      | Bought a potion of curing for 45 gold pieces
  5668 | D:6      | Bought a potion of curing for 45 gold pieces
  5668 | D:6      | Bought a potion of degeneration for 15 gold pieces
  5668 | D:6      | Bought a potion of curing for 45 gold pieces
  5668 | D:6      | Bought a potion of heal wounds for 75 gold pieces
  5696 | D:6      | Learned a level 3 spell: Swiftness
  6280 | D:7      | Reached skill level 5 in Spellcasting
  6796 | D:7      | Reached XP level 9. HP: 52/53 MP: 17/17
  6853 | D:7      | Reached skill level 5 in Fighting
  7470 | D:8      | Offered knowledge of Scorch by Vehumet.
  7474 | D:8      | Learned a level 2 spell: Scorch
  7511 | D:8      | Reached ** piety under Vehumet
  7577 | D:8      | Noticed a two-headed ogre
  7592 | D:8      | Killed a two-headed ogre
  7748 | D:8      | Found a sand-covered staircase.
  7824 | Ossuary  | Entered an ossuary
  8018 | Ossuary  | Offered knowledge of Inner Flame by Vehumet.
  8023 | Ossuary  | Learned a level 3 spell: Inner Flame
  8159 | Ossuary  | Reached *** piety under Vehumet
  8484 | Ossuary  | Noticed Menkaure
  8486 | Ossuary  | Killed Menkaure
  8716 | D:8      | Noticed Erica
  8719 | D:8      | Offered knowledge of Stone Arrow by Vehumet.
  8720 | D:8      | Reached skill level 5 in Conjurations
  8725 | D:8      | Killed Erica
  8726 | D:8      | Reached XP level 10. HP: 59/61 MP: 8/20
  8899 | D:8      | Noticed a cyclops
  8927 | D:8      | Noticed a kobold demonologist
  9011 | D:8      | Killed a kobold demonologist
  9255 | D:8      | Reached **** piety under Vehumet
  9267 | D:8      | Offered knowledge of Fulminant Prism by Vehumet.
  9273 | D:8      | Learned a level 4 spell: Fulminant Prism
  9684 | D:8      | Killed an unseen horror
  9685 | D:8      | Reached skill level 1 in Hexes
  9887 | D:8      | Killed a cyclops
 10384 | D:9      | Reached XP level 11. HP: 61/68 MP: 17/22
 10562 | D:9      | Reached skill level 8 in Air Magic
 10976 | D:9      | Noticed an orc sorcerer
 10988 | D:9      | Killed an orc sorcerer
 11080 | D:9      | Learned a level 2 spell: Passwall
 11137 | D:9      | Noticed a two-headed ogre
 11150 | D:9      | Killed a two-headed ogre
 11346 | D:9      | Found a staircase to the Lair.
 11709 | D:10     | Entered Level 10 of the Dungeon
 11716 | D:10     | Noticed a two-headed ogre
 11721 | D:10     | Killed a two-headed ogre
 11725 | D:10     | Reached skill level 9 in Air Magic
 12000 | D:10     | Noticed Nergalle
 12029 | D:10     | Noticed a two-headed ogre
 12034 | D:10     | Killed a two-headed ogre
 12315 | D:10     | Found Uraas's Antique Armour Shop.
 12499 | D:10     | Noticed a two-headed ogre
 12503 | D:10     | Killed a two-headed ogre
 12504 | D:10     | Reached skill level 10 in Dodging
 12750 | Lair:1   | Entered Level 1 of the Lair of Beasts
 12880 | Lair:1   | Learned a level 5 spell: Arcjolt
 13091 | Lair:1   | Reached XP level 12. HP: 72/76 MP: 17/25
 13095 | Lair:1   | Reached skill level 10 in Air Magic
 13868 | Lair:1   | Identified the +4 chain mail "Ysenkiw" {Harm rC+ SInv
                  | Stlth-}
 14571 | Lair:2   | Noticed a five-headed hydra
 14582 | Lair:2   | Killed a five-headed hydra
 14846 | Lair:2   | Reached skill level 11 in Air Magic
 15064 | Lair:2   | Reached skill level 10 in Fighting
 15590 | Lair:2   | Found a hole to the Spider Nest.
 15983 | Lair:3   | Reached skill level 5 in Fire Magic
 15997 | Lair:3   | Noticed a death yak
 16205 | Lair:3   | Reached XP level 13. HP: 83/83 MP: 9/27
 16579 | Lair:3   | Learned a level 2 spell: Blink
 17152 | Lair:2   | Reached ***** piety under Vehumet
 17152 | Lair:2   | Offered knowledge of Freezing Cloud by Vehumet.
 17223 | Lair:2   | Found a runed translucent door.
 17223 | Lair:2   | Found the -2 hat of the Alchemist {rElec rPois rF+ rC+ rN+
                  | Will+ rMut rCorr}
 17361 | Lair:2   | Reached skill level 12 in Air Magic
 18168 | Lair:3   | Noticed Kirke
 18579 | Lair:3   | Killed Kirke
 18580 | Lair:3   | Reached skill level 10 in Spellcasting
 18985 | Lair:3   | Noticed Gastronok
 19080 | Lair:3   | Killed Gastronok
 19557 | Lair:3   | Found a staircase to the Swamp.
 19923 | Lair:4   | Reached skill level 13 in Air Magic
 20496 | Lair:4   | Reached XP level 14. HP: 90/90 MP: 24/29
 20600 | Lair:4   | Reached skill level 5 in Staves
 20686 | Lair:4   | Learned a level 6 spell: Plasma Beam
 21376 | Lair:5   | Entered Level 5 of the Lair of Beasts
 21410 | Lair:4   | Noticed Nessos
 21575 | Lair:4   | Killed Nessos
 21606 | Lair:5   | Found a dark tunnel.
 21640 | Volcano  | Entered a volcano
 21835 | Volcano  | Reached skill level 14 in Air Magic
 22021 | Volcano  | Noticed a red draconian
 22033 | Volcano  | Killed a red draconian
 22041 | Volcano  | Found a radiant altar of Vehumet.
 22583 | Lair:5   | Found an iron altar of Okawaru.
 23096 | Lair:5   | Found a staircase to the Slime Pits.
 23209 | Lair:5   | Offered knowledge of Olgreb's Toxic Radiance by Vehumet.
 24826 | Lair:5   | Reached XP level 15. HP: 97/97 MP: 17/31
 25144 | Lair:5   | Reached skill level 15 in Air Magic
 26029 | Lair:5   | Offered knowledge of Eringya's Noxious Bog by Vehumet.
 26625 | D:1      | Bought a manual of Evocations for 800 gold pieces
 26896 | D:10     | Killed Nergalle
 26915 | D:10     | Upgraded the game from 0.31-a0-1093-gadecf4124d to
                  | 0.31-a0-1098-g6898e6545c
 26930 | D:11     | Reached skill level 1 in Evocations
 28227 | D:12     | Found a portal to a secret trove of treasure.
 28307 | D:12     | Found a staircase to the Orcish Mines.
 28677 | D:12     | Found a radiant altar of Vehumet.
 29413 | D:13     | Offered knowledge of Bombard by Vehumet.
 29665 | D:13     | Reached skill level 16 in Air Magic
 30468 | D:13     | Reached skill level 5 in Evocations
 30969 | D:13     | Learned a level 5 spell: Fireball
 31931 | D:14     | Reached XP level 16. HP: 105/105 MP: 18/33
 32719 | D:14     | Found a gate to the Vaults.
 33770 | D:15     | Entered Level 15 of the Dungeon
 33961 | D:15     | Offered knowledge of Conjure Ball Lightning by Vehumet.
 34742 | D:15     | Found a staircase to the Depths.
 35756 | D:12     | Learned a level 1 spell: Apportation
 35757 | Orc:1    | Entered Level 1 of the Orcish Mines
 35766 | Orc:1    | Reached skill level 17 in Air Magic
 37159 | Orc:2    | Entered Level 2 of the Orcish Mines
 37159 | Orc:2    | Found a staircase to the Elven Halls.
 37495 | Orc:2    | Found Tisam's Antique Weapon Emporium.
 37778 | Orc:2    | Offered knowledge of Iskenderun's Battlesphere by Vehumet.
 38869 | Orc:2    | Noticed Josephine
 39350 | Orc:2    | Reached XP level 17. HP: 104/112 MP: 35/35
 39496 | Orc:2    | Reached skill level 10 in Conjurations
 39655 | Orc:2    | Killed Josephine
 40200 | Orc:2    | Found Rustryot's Assorted Antiques.
 40203 | Orc:2    | Found Iwah's Antique Weapon Boutique.
 40204 | Orc:2    | Found Xuxumesa's Armour Boutique.
 40205 | Orc:2    | Found Maixux's Magic Scroll Shop.
 40211 | Orc:2    | Bought a scroll of identify for 30 gold pieces
 40211 | Orc:2    | Bought a scroll of identify for 30 gold pieces
 40211 | Orc:2    | Bought a scroll of acquirement for 780 gold pieces
 40212 | Orc:2    | Bought a scroll of teleportation for 90 gold pieces
 40496 | D:12     | You paid a toll of 14 scrolls of teleportation to enter a
                  | treasure trove
 40497 | Trove    | Entered a treasure trove
 40499 | Trove    | Identified the +7 tower shield of Wixzos {rC+}
 40500 | Trove    | Identified the amulet "Naekkoj" {Acrobat rN+}
 40502 | Trove    | Identified the amulet of Qivvinni {Spirit Will+}
 40504 | Trove    | Identified the amulet of Awki {Contam Rampage Will+ Regen+
                  | Stlth+}
 40509 | Trove    | Identified the ring of Qated {rF+ Dex+3}
 40525 | Trove    | Identified the ring of Wuqi {rN++ Will+ SInv}
 40547 | Trove    | Identified the +1 hat of Zihezigoin {Int+3}
 40548 | Trove    | Identified the -1 hat of Walost {rPois Str+3 Dex+2}
 40549 | Trove    | Identified the +0 hat "Cios Gosee" {rC+}
 40614 | D:12     | Acquired the +1 lajatang "Ceovab" {freeze, rC+ rCorr MP+9}
 40680 | D:12     | Learned a level 5 spell: Iskenderun's Battlesphere
 40878 | Spider:1 | Entered Level 1 of the Spider Nest
 40893 | Spider:1 | Reached skill level 10 in Fire Magic
 41261 | Spider:1 | Noticed Frances
 41264 | Spider:1 | Killed Frances
 42683 | Spider:2 | Noticed Jorgrun
 42690 | Spider:2 | Reached skill level 10 in Evocations
 42691 | Spider:2 | Killed Jorgrun
 42694 | Spider:2 | Reached ****** piety under Vehumet
 42721 | Spider:2 | Succumbed to a wolf spider's poison

Illustrated notes

Levels and vault maps discovered:
D:1:      psy_arrival_terrarium, layout_basic, nicolae_shop_vocational
D:2:      layout_loops_ring, st_stairs_8, minmay_domino_4, uniq_robin
D:3:      layout_loops_ring, roderic_filled_cross
D:4:      layout_loops_cross, minmay_temple_entry_stoned_glass, uniq_natasha,
          uniq_ijyb
D:5:      layout_rooms, serial_bayou, serial_bayou_pond_e, serial_bayou_shore_a,
          serial_bayou_pond_c, serial_bayou_pond_e, grunt_tough_drop,
          uniq_crazy_yiuf_cottage, uniq_eustachio, uniq_blork_the_orc
D:6:      layout_basic, grunt_temple_overflow_open, serial_shops,
          nicolae_shop_stone, lightli_minifort
D:7:      layout_loops_ring
D:8:      cheibrodos_fzero, layout_basic,
          mainiacjoe_ossuary_entry_find_the_door, uniq_erica
D:9:      cheibrodos_wizards_tower, layout_irregular_city,
          hellmonk_lair_entry_icy
D:10:     layout_loops_cross, serial_shops, nicolae_shop_pleasant_corner_grove,
          nrook_uturn, uniq_nergalle
D:11:     layout_long_grid, kennysheep_crisscross
D:12:     layout_roguey [special_room_orc], erik_orc_4, gauntlet_entry_generic,
          nicolae_trove_entry_isolated, vehumet_altar_wand_db
D:13:     layout_layer_cave, kennysheep_potato
D:14:     lemuel_ogre_cave, layout_long_grid, hellmonk_vaults_keyhole,
          kennysheep_path_1, grunt_ministairs_11, minmay_misc_feat_secret_circle
D:15:     hangedman_depths_entry_civil_slaughter, layout_loops_ring
Temple:   nicolae_temple_superstar
Lair:1:   layout_loops_ring
Lair:2:   gammafunk_indiana_jones, layout_gridlike, spider_nest_entry_funnel_web
Lair:3:   layout_loops_ring, minmay_swamp_entry_eels, uniq_gastronok, uniq_kirke
Lair:4:   layout_regular_city, small_statue_intersection, serial_bayou_shore_b,
          uniq_nessos
Lair:5:   hangedman_lair_in_review, layout_regular_city,
          hangedman_lair_caniforms_friends, slime_entry_1, basic_altar,
          nicolae_volcano_entry_lava_flow, serial_bayou_pond_c
Spider:1: layout_spider_delve, drop_trap, uniq_frances
Spider:2: layout_spider_delve, uniq_jorgrun, uniq_asterion
Orc:1:    layout_caves, basic_altar, bh_open_orc_temple
Orc:2:    st_orc_pillars, layout_caves, serial_shops,
          nicolae_shop_advertising_works [nicolae_subvault_shop_adworks],
          lightli_orcish_oven, uniq_josephine

Skill      XL: |  1  2  3  4  5  6  7  8  9 10 11 12 13 14 15 16 17 |
---------------+----------------------------------------------------+-----
Conjurations   | 2 3 5 7 9 10 | 10.8
Air Magic      | 5 6 7 9 11 13 14 16 17 | 17.7
Spellcasting   | 3 4 5 6 7 8 9 10 11 12 13 | 13.6
Fighting       | 1 2 3 4 6 7 9 10 11 12 13 14 | 14.8
Staves         | 1 3 4 7 8 |  8.7
Dodging        | 3 4 6 7 8 10 11 12 | 12.0
Fire Magic     | 3 5 7 8 9 10 | 10.4
Hexes          | 2 |  2.0
Evocations     | 5 8 10 | 10.0
Stealth        | |  2.0

Action                     |  1- 3 |  4- 6 |  7- 9 | 10-12 | 13-15 | 16-18 || total
---------------------------+-------+-------+-------+-------+-------+-------++-------
  Melee: Falchion          |     7 |       |       |       |       |       ||     7
         Kick              |     1 |     3 |     3 |    17 |    24 |    29 ||    77
         Spear             |     4 |    22 |       |       |       |       ||    26
         Peck              |       |     4 |       |    10 |    20 |    19 ||    53
         Quarterstaff      |       |     3 |    24 |    45 |    87 |    75 ||   234
         Staff             |       |       |       |       |     1 |       ||     1
         Lajatang          |       |       |       |       |       |    15 ||    15
  Throw: Dart              |       |       |       |       |     4 |       ||     4
   Cast: Shock             |    48 |    91 |   133 |    54 |    73 |    49 ||   448
         Static Discharge  |       |    13 |    24 |    41 |       |       ||    78
         Airstrike         |       |       |    39 |   145 |   302 |   175 ||   661
         Scorch            |       |       |    14 |    47 |    76 |    14 ||   151
         Arcjolt           |       |       |       |    26 |    58 |    14 ||    98
         Fulminant Prism   |       |       |       |     2 |     6 |       ||     8
         Blink             |       |       |       |       |    10 |     4 ||    14
         Inner Flame       |       |       |       |       |     2 |       ||     2
         Plasma Beam       |       |       |       |       |   138 |   105 ||   243
         Fireball          |       |       |       |       |    15 |   109 ||   124
         Iskenderun's Batt |       |       |       |       |       |    16 ||    16
         Swiftness         |       |       |       |       |       |     1 ||     1
         Passwall          |       |       |       |       |       |     1 ||     1
  Evoke: Wand              |       |       |     2 |     1 |    12 |     1 ||    16
    Use: Potion            |     1 |       |       |       |     2 |       ||     3
         Scroll            |       |     5 |     7 |     7 |     7 |     6 ||    32
   Stab: Sleeping          |       |       |     1 |       |       |       ||     1
 Armour: Robe              |    14 |    27 |    39 |   120 |   126 |    47 ||   373
         Ring mail         |       |       |       |       |       |    78 ||    78
  Dodge: Dodged            |    18 |    20 |    45 |   186 |   357 |   174 ||   800

Table legend: (Time is in decaauts)
 A = Elapsed time spent in this place.
 B = Non-inter-level travel time spent in this place.
 C = Inter-level travel time spent in this place.
 D = Time resting spent in this place.
 E = Time spent auto-exploring this place.
 F = Levels seen in this place.
 G = Mean time per level.
                   A        B        C        D        E       F      G
               +--------+--------+--------+--------+--------+-----+--------+
         Total |  42846 |  41364 |   1482 |  16754 |   7217 |  28 | 1530.2 |
       Dungeon |  22406 |  21277 |   1129 |   7580 |   4332 |  15 | 1493.7 |
        Temple |     81 |     81 |      0 |      0 |      0 |   1 |   81.0 |
          Lair |  13487 |  13256 |    231 |   6274 |   1507 |   5 | 2697.4 |
   Spider Nest |   1559 |   1529 |     30 |    623 |    417 |   2 |  779.5 |
  Orcish Mines |   3827 |   3736 |     91 |   1606 |    856 |   2 | 1913.5 |
         Trove |    111 |    111 |      0 |      0 |      0 |   1 |  111.0 |
       Ossuary |    785 |    785 |      0 |    395 |      0 |   1 |  785.0 |
       Volcano |    586 |    586 |      0 |    276 |    105 |   1 |  586.0 |
               +--------+--------+--------+--------+--------+-----+--------+

Top non-repeatable levels by time:
  Lair:5: 4218 daAuts
  Lair:2: 3965 daAuts
   Orc:2: 2907 daAuts
    D:14: 2558 daAuts
     D:8: 2427 daAuts
    D:13: 2201 daAuts
    D:12: 2131 daAuts
  Lair:3: 1950 daAuts
    D:15: 1803 daAuts
  Lair:4: 1682 daAuts
  Lair:1: 1670 daAuts
     D:1: 1360 daAuts
Spider:1: 1318 daAuts
     D:7: 1294 daAuts
    D:11: 1282 daAuts
